 Dungeon Crawl Stone Soup version 0.32-a0-953-g508020473e (webtiles) character file.

Game seed: 543481449226326743

41603 timneilson the Grappler (level 14, -4/116 HPs)
             Began as an Octopode Shapeshifter on Apr 16, 2024.
             Was an Initiate of Gozag.
             Killed by divine providence
             ... invoked by a smoke demon
              (17 damage)
             ... on level 5 of the Lair of Beasts.
             The game lasted 00:33:00 (13991 turns).

timneilson the Grappler (Octopode Shapeshifter)    Turns: 13991, Time: 00:33:01

Health: -4/116     AC: 13    Str: 28    XL:     14   Next: 16%
Magic:  14/14      EV: 18    Int: 12    God:    Gozag
Gold:   1854       SH:  0    Dex: 13    Spells: 13/13 levels left

rFire   . .          .
                       - Unarmed
rCold   . . .        C - melded +0 buckler
rNeg    . . .        (helmet currently unavailable)
rPois   +            q - amulet of regeneration
rElec   .            k - ring of poison resistance
rCorr   +            d - +4 ring of protection
SInv    +            z - ring of see invisible
Will    +....        y - ring of resist corrosion
Stlth   +++++        L - +5 ring of evasion
HPRegen 1.19/turn    c - +6 ring of strength
MPRegen 0.14/turn    (no ring)
                     (no ring)

%: no passive effects
@: snake-form, studying Fighting
A: constrict, boosted hp, almost no armour, amphibious, 8 rings, large,
(camouflage 1), (gelatinous body 1), (nimble swimmer 1), (tentacles)
a: Begin Untransformation, Renounce Religion, Potion Petition, Call Merchant,
Bribe Branch


You were on level 5 of the Lair of Beasts.
You worshipped Gozag.
Gozag was most pleased with you.
You were an enormous serpent.
You visited 3 branches of the dungeon, and saw 17 of its levels.
You also visited: Sewer.

You collected 3415 gold pieces.
You spent 432 gold pieces at shops.
You paid 1129 gold pieces to Gozag.

Inventory:

Missiles
 i - 44 poisoned darts (quivered)
 F - 2 throwing nets
 G - a curare-tipped dart
Armour
 C - a +0 buckler (melded)
Jewellery
 c - a +6 ring of strength (on tentacle)
 d - a +4 ring of protection (right tentacle)
 k - a ring of poison resistance (left tentacle)
 q - an amulet of regeneration (around neck)
 r - a ring of fire
 y - a ring of resist corrosion (on tentacle)
 z - a ring of see invisible (on tentacle)
 K - an amulet of reflection
 L - a +5 ring of evasion (on tentacle)
Talismans
 x - a serpent talisman (active)
Wands
 m - a wand of paralysis (12)
 o - a wand of warping (14)
 t - a wand of light (2)
 u - a wand of flame (29)
 O - a wand of polymorph (8)
Scrolls
 b - a scroll of enchant armour
 n - 2 scrolls of poison
 p - 5 scrolls of revelation
 A - 4 scrolls of teleportation
 E - a scroll of blinking
 H - a scroll of vulnerability
 I - a scroll of fear
 J - a scroll of identify
Potions
 a - 4 potions of lignification
 e - 4 potions of invisibility
 f - 3 potions of haste
 g - 2 potions of heal wounds
 h - 11 potions of curing
 j - 2 potions of berserk rage
 l - 5 potions of mutation
 s - 3 potions of resistance
 v - 2 potions of enlightenment
 w - 5 potions of might
 B - 2 potions of attraction
 D - a potion of magic {unknown}


   Skills:
 + Level 9.4 Fighting
 * Level 11.5 Dodging
 + Level 11.0 Stealth
 + Level 6.3 Shields
 * Level 11.6 Unarmed Combat
 + Level 8.4 Evocations
 * Level 10.7 Shapeshifting


You had 13 spell levels left.
You didn't know any spells.
Your spell library contained the following spells:

 Spells                   Type           Power      Damage    Failure   Level
 Shock                    Conj/Air       0%         1d3       32%         1
 Ensorcelled Hibernation  Hex/Ice        0%         N/A       45%         2
 Maxwell's Portable Pile  Tloc           0%         2d(5-13)  69%         3
 Passwall                 Erth           0%         N/A       69%         3
 Swiftness                Air            0%         N/A       69%         3
 Airstrike                Air            0%         2d(0-16)  97%         4
 Dispersal                Tloc           0%         N/A       100%        6
 Gell's Gavotte           Tloc           0%         2d(11-16) 100%        6
 Magnavolt                Erth/Air       0%         3d9       100%        7
 Manifold Assault         Tloc           0%         N/A       100%        7
 Disjunction              Tloc           0%         N/A       100%        8
 Maxwell's Capacitive Co  Air            0%         ∞         100%        8


Dungeon Overview and Level Annotations

Branches:
Dungeon (11/15)            Temple (1/1) D:7            Lair (5/5) D:11
  Swamp (0/4) Lair:3       Spider (0/4) Lair:2        Slime (0/5) Lair:4
    Orc (0/2) D:10          Sewer (visited)

Altars:
Ashenzari
Cheibriados
Dithmenos
Elyvilon
Fedhas
Gozag
Hepliaklqana
Kikubaaqudgha
Makhleb
Nemelex Xobeh
Okawaru
Qazlal
Ru
Sif Muna
Trog
Uskayaw
Vehumet
Wu Jian
Xom
Yredelemnul
Zin
The Shining One
Jiyva

Shops:
D:6 (   D:11 =*

Annotations:
D:5 1 runed translucent door, gosagan's ghost, novice DjHW


Innate Abilities, Weirdness & Mutations

You are an enormous serpent.
You have a powerful constriction melee attack.
Your maximum health is increased.
Your armour is entirely melded.
You are incapable of wielding weapons or throwing items.
You cannot wear most types of armour.
You are amphibious.
You can wear up to eight rings at the same time.
((Your skin changes colour to match your surroundings (Stealth+).))
((Your rubbery body absorbs attacks. (AC +1, EV +1)))
((You are camouflaged when in or above water. (Stealth+)))
((You have tentacles for arms and can constrict up to eight enemies at once.))


Message History

The blink frog closely misses you.
You closely miss the smoke demon.
The smoke demon is severely wounded.
The blink frog blinks!
The blink frog hits you but does no damage.
You catch the helpless smoke demon completely off-guard!
You hit the smoke demon.
The smoke demon is severely wounded.
The red ugly thing is no longer distracted by gold.
The raiju bursts into living lightning!
The living lightning hits you!!
* * * LOW HITPOINT WARNING * * *
The raiju blinks! x2; The blink frog hits you!
* * * LOW HITPOINT WARNING * * *
The blink frog blinks!
Unknown command.
You closely miss the entropy weaver. Your grab misses the entropy weaver.
The entropy weaver is heavily wounded.
The smoke demon gestures at the entropy weaver.
The pyre arrow hits the entropy weaver.
The raiju bites you!
* * * LOW HITPOINT WARNING * * *
The raiju shocks you!
* * * LOW HITPOINT WARNING * * *
Blink to where?
Press: ? - help, Dir - move target, p - entropy weaver
As you read the scroll of blinking, it crumbles to dust.
Okay, then.
As you read the scroll of fear, it crumbles to dust.
You assume a fearsome visage.
The red ugly thing looks frightened!
The raiju looks frightened!
The entropy weaver looks frightened!
The entropy weaver shouts!
The blink frog looks frightened! x2
The smoke demon resists with almost no effort.
The blink frog blinks! x2
You now have 1854 gold pieces (gained 8).
You see here 6 gold pieces.
The smoke demon gestures at you. Something smites you!
You die...
Your body crumbles into a pile of gold.

♣♣...♣♣ ♣
♣.....♣ ♣♣♣..
♣♣..♣♣♣♣
♣♣♣♣♣♣♣♣.....
♣..♣♣
♣♣♣........♣
♣♣..♣
♣.$F...$.♣
♣..♣♣
♣♣.3♣♣§.h♣♣
♣♣..♣
♣♣♣$..♣♣♣.u.♣♣
♣..♣♣♣..$..♣
♣♣3§.♣♣♣
♣..♣..S..♣♣♣
♣♣$F..♣♣♣
♣.......♣♣
♣BB..$.♣
♣♣..♣♣♣♣♣
♣...♣♣$$.
♣...♣ ♣...♣♣♣
♣.. ♣♣...♣
♣F.♣♣ ♣♣
♣♣.... ÷3.
♣♣... .. ..♣♣
♣♣


You could see a smoke demon and a blink frog (wandering).

Vanquished Creatures
  Harold (D:9)
  A boulder beetle (Lair:3)
  2 hydras
  4 two-headed ogres
  5 death yaks
  2 skysharks
  Pikel (D:4)
  A manticore (D:11)
  6 elephants (Lair:5)
  4 black mambas
  A gargoyle (D:11)
  An eye of devastation (Lair:4)
  A torpor snail (Lair:4)
  8 cane toads
  4 rime drakes
  A kobold demonologist (D:11)
  11 komodo dragons
  3 trolls
  2 polar bears
  2 hornets
  25 blink frogs
  Prince Ribbit (D:8)
  A glass eye (Lair:4)
  A spriggan (Lair:5)
  2 shadows (D:11)
  A wyvern (Lair:4)
  6 small abominations (Lair:5)
  A ynoxinul (Lair:5)
  Eustachio (D:6)
  2 vampires
  33 yaks
  5 basilisks
  An acid dragon (D:9)
  13 water moccasins
  A swamp drake (Lair:3)
  4 orc warriors
  3 black bears
  2 ice beasts
  4 ogres
  A sky beast (D:7)
  A phantom (D:5)
  11 wolves
  A centaur (D:6)
  4 lemures (D:4)
  5 kobold brigands
  Blork the orc (D:5)
  3 gnoll sergeants (D:10)
  10 scorpions
  11 bullfrogs
  4 wights (D:10)
  8 killer bees
  3 howler monkeys
  2 electric eels (D:11)
  A jelly (D:6)
  A bombardier beetle (D:5)
  10 hounds
  9 orc priests
  A sleepcap (D:7)
  7 iguanas
  8 orc wizards
  11 gnolls
  5 river rats (Sewer)
  16 adders
  4 white imps
  2 ufetubi (D:7)
  2 dart slugs
  3 ribbon worms
  39 orcs
  4 endoplasms
  10 giant cockroaches
  9 hobgoblins
  7 jackals
  7 quokkas
  11 ball pythons
  4 bats
  8 frilled lizards
  5 goblins
  25 kobolds
  18 rats
460 creatures vanquished.

Notes
Turn   | Place    | Note
-------+----------+-------------------------------------------
     0 | D:1      | timneilson the Octopode Shapeshifter began the quest for
                  | the Orb.
     0 | D:1      | Reached XP level 1. HP: 13/13 MP: 1/1
   110 | D:1      | Reached XP level 2. HP: 18/18 MP: 2/2
   268 | D:1      | Found Qeudghigg's Distillery.
   552 | D:2      | Reached skill level 1 in Stealth
   552 | D:2      | Reached XP level 3. HP: 17/23 MP: 3/3
   798 | D:2      | Reached XP level 4. HP: 28/28 MP: 4/4
  1183 | D:3      | Noticed a scorpion
  1187 | D:3      | Killed a scorpion
  1188 | D:3      | Reached XP level 5. HP: 34/34 MP: 5/5
  1608 | D:3      | Reached XP level 6. HP: 38/39 MP: 6/6
  1696 | D:3      | Found a white marble altar of Elyvilon.
  1883 | D:3      | Found a basalt altar of Yredelemnul.
  2242 | D:4      | Noticed Pikel
  2524 | D:4      | Killed Pikel
  2525 | D:4      | Reached skill level 5 in Unarmed Combat
  2525 | D:4      | Reached XP level 7. HP: 42/46 MP: 7/7
  2626 | D:4      | Reached XP level 8. HP: 52/52 MP: 8/8
  2938 | D:5      | Entered Level 5 of the Dungeon
  2938 | D:5      | Noticed Blork the orc
  2943 | D:5      | Killed Blork the orc
  2983 | D:5      | Reached skill level 5 in Shapeshifting
  3008 | D:5      | Reached skill level 5 in Dodging
  3037 | D:5      | Noticed a vampire
  3172 | D:5      | Found a glowing drain.
  3196 | Sewer    | Entered a sewer
  3725 | D:5      | Found a runed translucent door.
  3725 | D:5      | Noticed gosagan's ghost (novice DjHW)
  3802 | D:5      | Killed a vampire
  3803 | D:5      | Reached skill level 5 in Stealth
  3803 | D:5      | Reached XP level 9. HP: 42/58 MP: 9/9
  3931 | D:6      | Found Ucsiot's Antique Weapon Shoppe.
  3974 | D:6      | Noticed Eustachio
  3985 | D:6      | Killed Eustachio
  4781 | D:7      | Found a staircase to the Ecumenical Temple.
  4846 | Temple   | Entered the Ecumenical Temple
  4862 | Temple   | Became a worshipper of Gozag Ym Sagoz the Greedy
  4932 | D:7      | Reached XP level 10. HP: 65/65 MP: 10/10
  5079 | D:7      | Found a sacrificial altar of Ru.
  5692 | D:8      | Noticed Prince Ribbit
  5703 | D:8      | Killed Prince Ribbit
  5874 | D:8      | Reached skill level 1 in Shields
  5883 | D:8      | Reached skill level 5 in Fighting
  6706 | D:9      | Noticed a two-headed ogre
  7083 | D:9      | Noticed Harold
  7099 | D:9      | Killed Harold
  7100 | D:9      | Reached skill level 5 in Evocations
  7109 | D:9      | Killed a two-headed ogre
  7343 | D:10     | Entered Level 10 of the Dungeon
  7460 | D:10     | Reached XP level 11. HP: 72/72 MP: 11/11
  7891 | D:10     | Found a staircase to the Orcish Mines.
  8265 | D:10     | Noticed a lindwurm
  8265 | D:10     | Noticed a lindwurm
  8266 | D:10     | Noticed a lindwurm
  8266 | D:10     | Noticed a lindwurm
  8451 | D:11     | Noticed a two-headed ogre
  8458 | D:11     | Killed a two-headed ogre
  8514 | D:11     | Noticed a two-headed ogre
  8521 | D:11     | Killed a two-headed ogre
  8576 | D:11     | Noticed a manticore
  8596 | D:11     | Killed a manticore
  8691 | D:11     | Noticed a two-headed ogre
  8702 | D:11     | Killed a two-headed ogre
  8739 | D:11     | Reached XP level 12. HP: 65/80 MP: 12/12
  8802 | D:11     | Found a staircase to the Lair.
  9109 | Lair:1   | Entered Level 1 of the Lair of Beasts
  9723 | Lair:1   | Reached skill level 10 in Unarmed Combat
 10365 | Lair:2   | Found a hole to the Spider Nest.
 10382 | Lair:2   | Reached skill level 10 in Dodging
 10531 | Lair:2   | Noticed a five-headed hydra
 10545 | Lair:2   | Killed a five-headed hydra
 10728 | Lair:2   | Noticed a skyshark
 10745 | Lair:2   | Killed a skyshark
 10746 | Lair:2   | Reached skill level 5 in Shields
 11013 | Lair:3   | Reached XP level 13. HP: 88/88 MP: 13/13
 11178 | Lair:3   | Reached skill level 10 in Stealth
 11418 | Lair:3   | Found a staircase to the Swamp.
 11697 | Lair:3   | Reached skill level 10 in Shapeshifting
 12227 | Lair:4   | Found a viscous altar of Jiyva.
 12228 | Lair:4   | Found a staircase to the Slime Pits.
 12566 | Lair:4   | Identified the +1 robe of Indomitability {+Blink Fly Slay+5
                  | Stlth-}
 13054 | Lair:5   | Entered Level 5 of the Lair of Beasts
 13176 | D:11     | Bought a +6 ring of strength for 432 gold pieces
 13634 | Lair:5   | Reached XP level 14. HP: 97/97 MP: 14/14
 13983 | Lair:5   | HP: 3/116 [raiju (7)]
 13991 | Lair:5   | Killed from afar by a smoke demon

Illustrated notes

Levels and vault maps discovered:
D:1:      lightli_arrival_chessboard, layout_rooms, serial_shops, shop
D:2:      cheibrodos_old_hovel, layout_rooms
D:3:      corexii_shack_village, layout_basic, kennysheep_ying_yang,
          grunt_ministairs_2, kennysheep_generic_room_16
D:4:      layout_loops_cross, minmay_unequal, uniq_pikel
D:5:      layout_rooms, gup_sewer_entry_pipe, gammafunk_ghost_grave,
          uniq_blork_the_orc
D:6:      layout_basic, serial_shops, shop, uniq_eustachio
D:7:      layout_basic, nicolae_ru_path_of_blood,
          minmay_temple_entry_butterflies, dk_rats_in_the_wall
D:8:      layout_basic, grunt_ministairs_12, uniq_prince_ribbit1
D:9:      layout_loops_ring, uniq_harold
D:10:     layout_irregular_city, kennysheep_orc_monster_closet_entryway,
          minmay_lindwurm_lava
D:11:     layout_loops_ring, erik_lair_island
Temple:   nicolae_temple_bog_church
Lair:1:   layout_cave_pods
Lair:2:   layout_hall_layers, nicolae_spider_entry_non_spiders
Lair:3:   layout_loops_ring, minmay_swamp_entry_reptiles
Lair:4:   layout_small_grid, minmay_slime_entry_eyes
Lair:5:   hellmonk_lair_end_abyssal_woods, layout_gridlike, grunt_megastairs_5,
          lemuel_fruit_fields

Skill      XL: |  1  2  3  4  5  6  7  8  9 10 11 12 13 14 |
---------------+-------------------------------------------+-----
Stealth        | 1 2 3 5 6 7 8 9 10 11 | 11.0
Dodging        | 3 4 5 6 8 9 10 11 | 11.5
Fighting       | 2 3 4 5 6 7 9 |  9.4
Unarmed Combat | 4 5 6 7 8 9 10 11 | 11.6
Shapeshifting  | 4 5 6 7 8 9 10 | 10.7
Evocations     | 2 3 4 5 6 7 8 |  8.4
Shields        | 2 3 5 6 |  6.3

Action                     |  1- 3 |  4- 6 |  7- 9 | 10-12 | 13-15 || total
---------------------------+-------+-------+-------+-------+-------++-------
  Melee: Unarmed           |    40 |    99 |   248 |   581 |   329 ||  1297
         Constrict         |    13 |    25 |    61 |   101 |    61 ||   261
         Tentacles         |     7 |    19 |    56 |   185 |    42 ||   309
         Punch             |     1 |     5 |    13 |     6 |       ||    25
  Throw: Dart              |       |       |       |     4 |       ||     4
 Invoke: Call Merchant     |       |       |       |       |     2 ||     2
  Evoke: Wand              |       |     5 |       |     9 |     5 ||    19
    Use: Scroll            |     2 |     4 |     5 |     9 |     8 ||    28
         Potion            |       |       |       |     1 |       ||     1
   Stab: Sleeping          |     8 |     8 |    19 |     7 |     8 ||    50
         Distracted        |       |     1 |     1 |     6 |     4 ||    12
         Invisible         |       |       |       |     4 |     4 ||     8
 Armour: Skin              |    13 |    49 |   134 |   214 |   177 ||   587
  Dodge: Dodged            |    11 |    45 |   182 |   452 |   297 ||   987
  Block: Buckler           |       |       |       |    11 |       ||    11
   Form: Flux              |       |       |       |     1 |       ||     1
         Serpent           |       |       |       |       |     1 ||     1

Table legend: (Time is in decaauts)
 A = Elapsed time spent in this place.
 B = Non-inter-level travel time spent in this place.
 C = Inter-level travel time spent in this place.
 D = Time resting spent in this place.
 E = Time spent auto-exploring this place.
 F = Levels seen in this place.
 G = Mean time per level.
                   A        B        C        D        E       F      G
               +--------+--------+--------+--------+--------+-----+--------+
         Total |  13795 |  13028 |    767 |    543 |   8874 |  18 |  766.4 |
       Dungeon |   8521 |   8055 |    466 |    404 |   5443 |  11 |  774.6 |
        Temple |     30 |     17 |     13 |      0 |      0 |   1 |   30.0 |
          Lair |   4774 |   4486 |    288 |    139 |   3137 |   5 |  954.8 |
         Sewer |    468 |    468 |      0 |      0 |    294 |   1 |  468.0 |
               +--------+--------+--------+--------+--------+-----+--------+

Top non-repeatable levels by time:
     D:3: 1221 daAuts
  Lair:4: 1184 daAuts
     D:7: 1008 daAuts
  Lair:1: 1007 daAuts
     D:8: 999 daAuts
    D:10: 944 daAuts
  Lair:3: 927 daAuts
  Lair:2: 916 daAuts
    D:11: 784 daAuts
     D:9: 762 daAuts
  Lair:5: 739 daAuts
     D:6: 603 daAuts
     D:2: 586 daAuts
     D:4: 586 daAuts
     D:1: 531 daAuts
